 Dungeon Crawl Stone Soup version 0.25-a0-713-g4845790874 (webtiles) character file.

Game seed: 2114685219846111074, levelgen mode: deterministic

522 Brecoman the Skirmisher (level 7, -4/44 HPs)
             Began as a Gargoyle Fighter on Apr 5, 2020.
             Was a Follower of Okawaru.
             Slain by Menkaure (15 damage)
             ... on level 4 of the Dungeon.
             The game lasted 00:11:01 (3109 turns).

Brecoman the Skirmisher (Gargoyle Fighter)          Turns: 3109, Time: 00:11:01

Health: -4/44      AC: 12    Str: 21    XL:     7   Next: 22%
Magic:  7/7        EV:  7    Int:  9    God:    Okawaru [*.....]
Gold:   233        SH: 10    Dex:  9    Spells: 6/6 levels left

rFire    . . .     SeeInvis .   a - +0 flail
rCold    . . .     Gourm    .   c - +0 kite shield
rNeg     + . .     Faith    .   b - +0 scale mail
rPois    ∞         Spirit   .   (no helmet)
rElec    +         Reflect  .   (no cloak)
rCorr    .         Harm     .   (no gloves)
MR       .....                  (no boots)
Stlth    ..........             (no amulet)
HPRegen  0.14/turn              (no ring)
MPRegen  0.10/turn              (no ring)

@: no status effects
A: negative energy resistance 1, electricity resistance, unbreathing,
petrification resistance, rot immunity, AC +4
a: Heroism, Renounce Religion


You were on level 4 of the Dungeon.
You worshipped Okawaru.
Okawaru was aware of your devotion.
You were not hungry.

You visited 1 branch of the dungeon, and saw 4 of its levels.

You collected 233 gold pieces.

Inventory:

Hand Weapons
 a - a +0 flail (weapon)
 i - a +0 dagger of electrocution
Missiles
 e - 4 poisoned darts (quivered)
 j - 112 stones
 s - 2 throwing nets
Armour
 b - a +0 scale mail (worn)
 c - a +0 kite shield (worn)
Scrolls
 h - 4 scrolls of identify {unknown}
 k - 2 scrolls of amnesia {unknown}
 l - a scroll of enchant armour {unknown}
 m - 3 scrolls of fog {unknown}
 o - 4 scrolls of teleportation {unknown}
 p - a scroll of enchant weapon {unknown}
 q - a scroll of immolation {unknown}
 x - a scroll of remove curse {unknown}
Potions
 d - a potion of might
 g - a potion of mutation {unknown}
 n - 2 potions of curing {unknown}
 r - 2 potions of brilliance {unknown}
 u - a potion of flight {unknown}
 v - a potion of magic {unknown}
 w - a potion of haste {unknown}
 z - a potion of degeneration {unknown}
 A - a potion of lignification {unknown}
 B - a potion of resistance {unknown}
Comestibles
 f - 12 rations
 t - 3 chunks of flesh


   Skills:
 + Level 5.2 Fighting
 + Level 4.1 Maces & Flails
 + Level 5.2 Armour
 + Level 5.2 Shields


You had 6 spell levels left.
You didn't know any spells.
Your spell library was empty.

Dungeon Overview and Level Annotations

Branches:
Dungeon (4/15)
 Temple: D:4-7

Altars:
Dithmenos
Okawaru
Wu Jian
Xom
The Shining One

Annotations:
D:4 Menkaure


Innate Abilities, Weirdness & Mutations

You are resistant to torment.
Your stone body is resilient. (AC +4)
You are immune to poison.
You resist negative energy. (rN+)
You are resistant to electric shocks. (rElec)
You can survive without breathing.
You are immune to petrification.
You are immune to rotting.


Message History

B - a bubbling grey potion
Found a spear.
Some of the chunks of flesh in your inventory have rotted away.
j - 112 stones (gained 11) Menkaure shouts!
Menkaure is too close now for your liking.
Menkaure draws the symbol "Udjat" in the dust.
Menkaure hits you!
You hit Menkaure but do no damage. Menkaure hits you but does no damage.
You sock Menkaure!
Menkaure is heavily damaged.
Menkaure barely misses you.
You closely miss Menkaure.
Menkaure is heavily damaged.
Menkaure hits you!
* * * LOW HITPOINT WARNING * * *
You completely miss Menkaure.
Menkaure is heavily damaged.
Menkaure hits you!
You die...

#.....................#
##.....................#
###........÷............##
........................#
........................#
........................#
........................##
.........................#
................@........#
...............M#........##
...............##.....)...#
..............####.......##
..............# #.......#
...............# ##......#
...............# ##.....#
............ ##...##
..#......... ##..#


You could see Menkaure.

Vanquished Creatures
  4 crimson imps
  An orc priest (D:3)
  2 bullfrog skeletons
  An iguana (D:4)
  2 orc wizards (D:3)
  2 worker ants
  4 gnolls (D:2)
  6 adders
  An ooze (D:3)
  3 worms
  4 dart slugs
  5 leopard geckos
  5 orcs
  A giant cockroach (D:3)
  4 goblins
  5 hobgoblins
  2 jackals (D:3)
  A quokka (D:4)
  6 bats
  8 frilled lizards
  A jackal skeleton (D:4)
  6 kobolds
  6 rats
80 creatures vanquished.

Notes
Turn   | Place    | Note
-------+----------+-------------------------------------------
     0 | D:1      | Brecoman the Gargoyle Fighter began the quest for the Orb.
     0 | D:1      | Reached XP level 1. HP: 14/14 MP: 1/1
   272 | D:1      | Reached XP level 2. HP: 19/19 MP: 2/2
   661 | D:2      | Found a shadowy altar of Dithmenos.
   684 | D:2      | Reached XP level 3. HP: 20/24 MP: 3/3
   772 | D:2      | Reached XP level 4. HP: 27/29 MP: 4/4
  1245 | D:2      | Reached XP level 5. HP: 31/33 MP: 5/5
  1545 | D:3      | Found an ornate altar of the Wu Jian Council.
  1545 | D:3      | Found an iron altar of Okawaru.
  1545 | D:3      | Found a glowing golden altar of the Shining One.
  1552 | D:3      | Became a worshipper of Warmaster Okawaru
  1837 | D:3      | Found a shimmering altar of Xom.
  1921 | D:2      | Reached XP level 6. HP: 36/39 MP: 6/6
  1997 | D:2      | Paralysed by a crimson imp for 4 turns
  2445 | D:3      | Reached * piety under Okawaru
  2445 | D:3      | Reached skill level 5 in Fighting
  2445 | D:3      | Reached skill level 5 in Armour
  2445 | D:3      | Reached skill level 5 in Shields
  2539 | D:4      | Noticed Menkaure
  2679 | D:3      | Reached XP level 7. HP: 37/44 MP: 7/7
  3109 | D:4      | Slain by Menkaure

Levels and vault maps discovered:
D:1:      dpeg_arrival_court, layout_basic
D:2:      layout_rooms, nicolae_overflow_crystal_walls, first_ration
D:3:      layout_basic, gammafunk_temple_overflow_claw, led_xom_imps
D:4:      layout_cave_pods, dk_vineyard_3, uniq_menkaure

Skill      XL: |  1  2  3  4  5  6  7 |
---------------+----------------------+-----
Shields        | 4 5 |  5.2
Fighting       | 4 5 |  5.2
Armour         | 4 5 |  5.2
Maces & Flails | 3 4 |  4.1

Action                   |  1- 3 |  4- 6 |  7- 9 || total
-------------------------+-------+-------+-------++-------
Melee: Flail             |    65 |   281 |    46 ||   392
  Eat: Chunk             |       |     6 |     2 ||     8
Armor: Scale mail        |    24 |   144 |    23 ||   191
Dodge: Dodged            |    25 |    74 |    11 ||   110
Block: Kite shield       |    32 |   139 |    31 ||   202

Table legend:
 A = Non-vault XP
 B = Vault XP
 C = Vault XP percentage of total XP
 D = Non-vault monster count
 E = Vault monster count
 F = Vault count percentage of total count
                 A         B        C        D         E       F
            +---------+---------+-------+---------+---------+-------
      Total |     551 |     196 |  26.2 |      76 |       4 |   5.0
            +---------+---------+-------+---------+---------+-------
        D:1 |      24 |       0 |   0.0 |      13 |       0 |   0.0
        D:2 |     169 |     148 |  46.7 |      27 |       3 |  10.0
        D:3 |     236 |      48 |  16.9 |      27 |       1 |   3.6
        D:4 |     122 |       0 |   0.0 |       9 |       0 |   0.0
            +---------+---------+-------+---------+---------+-------
